 Dungeon Crawl Stone Soup version 0.30-a0-777-ga9a30cbeda (webtiles) character file.

Game seed: 5873627244457349795

54 Barriton the Firebug (level 3, -1/26 HPs)
             Began as a Draconian Fire Elementalist on Feb 13, 2023.
             Killed from afar by Natasha (9 damage)
             ... with a magic dart
             ... on level 2 of the Dungeon.
             The game lasted 00:04:29 (1427 turns).

Barriton the Firebug (Draconian Fire Elementalist)  Turns: 1427, Time: 00:04:30

Health: -1/26      AC:  8    Str: 10    XL:     3   Next: 66%
Magic:  4/6        EV: 12    Int: 17    God:
Gold:   89         SH:  0    Dex: 11    Spells: 3/6 levels left

rFire   . . .      SeeInvis .    (no weapon)
rCold   . . .      Faith    .    f - orb {guile}
rNeg    . . .      Spirit   .    (body armour unavailable)
rPois   .          Reflect  .    (helmet restricted)
rElec   .          Harm     .    l - +0 cloak
rCorr   .          Rampage  .    (no gloves)
Will    .....                    i - +1 pair of boots
Stlth   ++                       (no amulet)
HPRegen 0.24/turn                (no ring)
MPRegen 0.10/turn                (no ring)

@: slowed, very slow
A: AC +5, unfitting armour, cold-blooded
a: no special abilities


You were on level 2 of the Dungeon.
You visited 1 branch of the dungeon, and saw 2 of its levels.

You collected 89 gold pieces.

Inventory:

Hand Weapons
 b - a +0 quarterstaff
Armour
 f - an orb of guile (worn)
 i - a +1 pair of boots (worn)
 l - a +0 cloak (worn)
Jewellery
 k - an amulet of reflection
Scrolls
 c - a scroll of acquirement {unknown}
Potions
 d - 2 potions of brilliance {unknown}
 e - 3 potions of flight {unknown}
 g - 3 potions of lignification {unknown}
 h - 3 potions of curing


   Skills:
 + Level 0.1 Fighting
 + Level 0.1 Staves
 + Level 2.3 Dodging
 + Level 2.0 Stealth
 + Level 0.3 Unarmed Combat
 + Level 2.2 Spellcasting
 + Level 1.5 Conjurations
 + Level 3.6 Fire Magic


You had 3 spell levels left.
You knew the following spells:

 Your Spells              Type           Power      Damage    Failure   Level
a - Foxfire               Conj/Fire      40%        2x1d6     7%          1
b - Scorch                Fire           28%        2d6       6%          2

Your spell library contained the following spells:

 Spells                   Type           Power      Damage    Failure   Level
 Magic Dart               Conj           28%        1d4       10%         1
 Inner Flame              Hex/Fire       8%         N/A       26%         3
 Call Imp                 Summ           1%         N/A       28%         2
 Kindle Blastsparks       Fire/Tloc/Air  12%        2d11      34%         3
 Mephitic Cloud           Conj/Pois/Air  3%         N/A       41%         3
 Flame Wave               Conj/Fire      10%        2d6       54%         4


Dungeon Overview and Level Annotations

Branches:
Dungeon (2/15)

Altars:

Annotations:
D:2 Natasha


Innate Abilities, Weirdness & Mutations

Your plain brown scales are hard. (AC +5)
You cannot fit into any form of body armour.
You are cold-blooded and may be slowed by cold attacks.


Message History

You closely miss Natasha.
Your tail-slap misses Natasha.
Natasha is lightly wounded.
Natasha stares at you and mumbles some strange words.
You feel as though you will be slow longer.
The crimson imp hits you. Natasha barely misses you.
The crimson imp hits you but does no damage.
Casting: Scorch (safe; 6% risk of failure)
Confirm with . or Enter, or press ? or * to list all spells.
There is not enough space to conjure foxfire!
You hit Natasha but do no damage.
Natasha is lightly wounded.
Natasha barely misses you.
The crimson imp hits you but does no damage.
You hit Natasha. You tail-slap Natasha.
Natasha is severely wounded.
The crimson imp disappears in a puff of smoke!
Natasha claws you!
The crimson imp hits you but does no damage.
Natasha barely misses you. The crimson imp misses you.
Magic courses through your body.
Natasha stares at you and mumbles some strange words.
The magic dart hits you.
The crimson imp blinks!
Casting: Foxfire (safe; 7% risk of failure)
Confirm with . or Enter, or press ? or * to list all spells.
You conjure some foxfire!
The crimson imp disappears in a puff of smoke!
Natasha stares at you and mumbles some strange words.
You resist with significant effort. Natasha claws you but does no damage.
You hit Natasha.
Your tail-slap misses Natasha.
Natasha is severely wounded.
Natasha claws you.
Casting: Foxfire (safe; 7% risk of failure)
Confirm with . or Enter, or press ? or * to list all spells.
Flames lash the shadow imp.
The shadow imp is lightly wounded.
The shadow imp's fire resistance burns away.
The shadow imp disappears in a puff of smoke!
Natasha casts a spell.
Natasha casts a spell at you. The magic dart hits you!
You die...

#.# #.# # ### #.###.# #.. #....)#
..# #†# #.######.# #.# #.#
#††......# #.# #.# #..####### #.#
#5# #..####### #.# #h# #.........
#.# #@# #..####### #.# #v# #..#
#####.##########.# ##..#
..............##.######.÷.#######
....(.###.###.#..........†.......
.............#.....####...#######
.#.#####.####.##.#.#......# .#.##
#.####.##.#.#.###.## ....##
#.........#.#.# #.#


You could see Natasha (ally target) and a white imp (summoned).

Vanquished Creatures
  A dart slug (D:1)
  A ball python (D:1)
  6 bats
  4 endoplasms
  5 goblins (D:1)
  4 hobgoblins
  13 jackals
  3 kobolds
  3 frilled lizards
  3 rats
43 creatures vanquished.

Vanquished Creatures (others)
  59 foxfires
59 creatures vanquished.

Grand Total: 102 creatures vanquished

Notes
Turn   | Place    | Note
-------+----------+-------------------------------------------
     0 | D:1      | Barriton the Draconian Fire Elementalist began the quest
                  | for the Orb.
     0 | D:1      | Reached XP level 1. HP: 14/14 MP: 3/3
   159 | D:1      | Reached XP level 2. HP: 20/20 MP: 3/5
   266 | D:1      | Learned a level 2 spell: Scorch
   476 | D:1      | Reached XP level 3. HP: 25/26 MP: 1/6
  1405 | D:2      | Noticed Natasha
  1427 | D:2      | Killed from afar by Natasha

Illustrated notes

Levels and vault maps discovered:
D:1:      lemuel_arrival_cross, layout_basic
D:2:      layout_loops_ring, uniq_natasha

Skill      XL: |  1 |
---------------+----+-----
Stealth        | 2 |  2.0
Dodging        | 2 |  2.3
Fighting       | |  0.1
Staves         | |  0.1
Unarmed Combat | |  0.3
Spellcasting   | |  2.2
Conjurations   | |  1.5
Fire Magic     | |  3.6

Action                     || total
---------------------------++-------
  Melee: Quarterstaff      ||    23
         Tailslap          ||     7
         Unarmed           ||    26
   Cast: Foxfire           ||    38
         Scorch            ||    17
    Use: Scroll            ||     3
         Potion            ||     1
 Armour: Skin              ||    43
  Dodge: Dodged            ||    83

Table legend: (Time is in decaauts)
 A = Elapsed time spent in this place.
 B = Non-inter-level travel time spent in this place.
 C = Inter-level travel time spent in this place.
 D = Time resting spent in this place.
 E = Time spent auto-exploring this place.
 F = Levels seen in this place.
 G = Mean time per level.
                   A        B        C        D        E       F      G
               +--------+--------+--------+--------+--------+-----+--------+
         Total |   1437 |   1437 |      0 |      0 |   1070 |   2 |  718.5 |
       Dungeon |   1437 |   1437 |      0 |      0 |   1070 |   2 |  718.5 |
               +--------+--------+--------+--------+--------+-----+--------+

Top non-repeatable levels by time:
     D:1: 967 daAuts
     D:2: 470 daAuts
